 Dungeon Crawl Stone Soup version 0.31-a0-165-g3f4f80340b (webtiles) character file.

Game seed: 16849424424214799452

1371 qw the Skirmisher (level 8, -2/51 HPs)
             Began as a Gargoyle Hunter on June 13, 2023.
             Killed from afar by an acid dragon (27 damage)
             ... with a splash of acid
             ... on level 5 of the Dungeon.
             The game lasted 00:01:50 (3684 turns).

qw the Skirmisher (Gargoyle Hunter)                 Turns: 3684, Time: 00:01:51

Health: -2/51      AC: 14    Str: 14    XL:     8   Next: 65%
Magic:  8/8        EV: 11    Int: 11    God:
Gold:   186        SH:  0    Dex: 15    Spells: 7/7 levels left

rFire   . . .        Y - +1 shortbow
rCold   + . .        (shield currently unavailable)
rNeg    + . .        h - +0 ring mail
rPois   inf          (no helmet)
rElec   +            b - +2 cloak
rCorr   .            (no gloves)
SInv    .            (no boots)
Will    .....        a - amulet of regeneration
Stlth   +            e - ring of protection from cold
HPRegen 1.08/turn    (no ring)
MPRegen 0.11/turn

%: no passive effects
@: no status effects
A: sickness immunity, AC +5, negative energy resistance 1, electricity
resistance, torment resistance 1, petrification resistance
a: no special abilities


You were on level 5 of the Dungeon.
You visited 1 branch of the dungeon, and saw 5 of its levels.

You collected 186 gold pieces.


Innate Abilities, Weirdness & Mutations

You are immune to sickness and miasma.
Your stone body is resilient. (AC +5)
You are immune to poison.
You resist negative energy. (rN+)
You are resistant to electric shocks. (rElec)
You are resistant to unholy torment.
You are immune to petrification.


   Skills:
 + Level 5.7 Fighting
 - Level 9.0 Ranged Weapons
 - Level 2.8 Armour
 - Level 3.1 Dodging
 - Level 1.1 Stealth


You had 7 spell levels left.
You didn't know any spells.
Your spell library was empty.

Inventory:

Hand Weapons
 Y - a +1 shortbow (weapon)
Armour
 b - a +2 cloak (worn)
 h - a +0 ring mail (worn)
Jewellery
 a - an amulet of regeneration (around neck)
 e - a ring of protection from cold (left hand)
Scrolls
 c - a scroll of enchant armour
 g - a scroll of identify
Potions
 d - a potion of magic
 f - a potion of ambrosia {unknown}
 i - a potion of degeneration {unknown}
 j - a potion of might

Dungeon Overview and Level Annotations

Branches:
Dungeon (5/15)
 Temple: D:4-7

Altars:
Ashenzari
Cheibriados
Dithmenos
Qazlal
Wu Jian


Message History

The jackal is heavily wounded.
An acid dragon comes into view.
You shoot an arrow. The arrow barely misses the jackal.
A jackal comes into view.
You shoot an arrow. The arrow hits the jackal!
You kill the jackal!
The acid dragon spits acid at you. The splash of acid hits you!!
Ouch! That really hurt!
You hear a shout! x2
You shoot an arrow. The arrow barely misses the gnoll.
You shoot an arrow.
The arrow hits the gnoll but does no damage.
You shoot an arrow. The arrow hits the gnoll.
The gnoll is lightly wounded.
You shoot an arrow. The arrow hits the gnoll.
The gnoll is moderately wounded.
The jackal barely misses you. The gnoll misses you. The jackal misses you.
The gnoll hits you but does no damage.
You shoot an arrow. The arrow hits the gnoll.
The gnoll is heavily wounded.
The jackal misses you. The gnoll hits you with a +0 whip.
The acid dragon bites you. The acid dragon barely misses you.
You shoot an arrow. The arrow hits the gnoll.
You kill the gnoll!
The jackal bites you.
The jackal bites you but does no damage.
The acid dragon barely misses you.
The acid dragon claws you but does no damage.
You shoot an arrow. The arrow hits the acid dragon.
The acid dragon is lightly wounded.
The jackal barely misses you. The acid dragon barely misses you.
The acid dragon closely misses you.
You shoot an arrow.
The arrow barely misses the acid dragon.
The jackal misses you. The acid dragon spits acid at you.
The splash of acid hits you!!
Ouch! That really hurt!
You die...

.# #.########.# ##
...# #.# #.# ....#
#.# #.# .....#
#.########.#
).....##..........#
.......##.#########
....%..#..#
......h#.##
......)@.#
......D'.#
.......### .......
....... ......#
.....# .$..#


You could see an acid dragon (catching breath) and a jackal.

Vanquished Creatures
  Pikel (D:4)
  Grinder (D:4)
  Menkaure (D:4)
  2 phantoms
  A centaur (D:5)
  2 scorpions (D:4)
  A howler monkey (D:4)
  2 hounds
  An iron imp (D:4)
  Ijyb (D:5)
  2 iguanas
  An orc wizard (D:3)
  6 adders
  4 gnolls
  2 worms
  2 dart slugs
  15 orcs
  8 ball pythons
  8 bats
  9 endoplasms
  5 giant cockroaches
  14 goblins
  15 hobgoblins
  A jackal (D:5)
  4 quokkas
  A frilled lizard (D:3)
  19 kobolds
  7 rats
136 creatures vanquished.

Notes
Turn   | Place    | Note
-------+----------+-------------------------------------------
     0 | D:1      | qw the Gargoyle Hunter began the quest for the Orb.
     0 | D:1      | Reached XP level 1. HP: 12/12 MP: 1/1
     0 | D:1      | 0 ||| qw: Version: 0.2-a-29-gc1b59c4
     0 | D:1      | 0 ||| qw: Game counter: 4740
     0 | D:1      | 0 ||| qw: Always use a shield: true
     0 | D:1      | 0 ||| qw: God list: Okawaru
     0 | D:1      | 0 ||| qw: Allow faded altars: false
     0 | D:1      | 0 ||| qw: Do Orc after D:15 true
     0 | D:1      | 0 ||| qw: Do second Lair branch before Depths: true
     0 | D:1      | 0 ||| qw: Lair rune preference: random
     0 | D:1      | 0 ||| qw: Plans: Normal, Zot:1-4, Slime:5, God:TSO, Crypt,
                  | Tomb, Abyss, Pan, Hells, Win
     0 | D:1      | 0 ||| PLANNING D:1-11
    65 | D:1      | Reached XP level 2. HP: 17/17 MP: 2/2
   322 | D:1      | Reached XP level 3. HP: 21/21 MP: 3/3
   423 | D:1      | Reached skill level 5 in Ranged Weapons
   651 | D:1      | 651 ||| UPGRADING to +0 ring mail.
   661 | D:1      | 661 ||| DROPPING +0 leather armour.
   662 | D:1      | 662 ||| READING scroll labelled OLAREO RIPNAAMM.
   663 | D:1      | 663 ||| READING scroll labelled DYCVIE AMAROC.
   664 | D:1      | 664 ||| READING scroll labelled SAUWYS KUCU.
   665 | D:1      | 665 ||| DROPPING scroll of butterflies.
   785 | D:2      | Reached skill level 1 in Armour
   883 | D:2      | Reached XP level 4. HP: 27/27 MP: 4/4
  1497 | D:2      | 1497 ||| UPGRADING to amulet of regeneration.
  1502 | D:2      | 1502 ||| UPGRADING to ring of protection from cold.
  1503 | D:2      | 1503 ||| READING scroll labelled ANUSAPSOTE.
  1504 | D:2      | 1504 ||| READING scroll labelled LOSUNLETAO.
  1544 | D:3      | Reached skill level 3 in Fighting
  1621 | D:3      | Found a stormy altar of Qazlal.
  1624 | D:3      | Reached XP level 5. HP: 32/32 MP: 5/5
  1629 | D:3      | Found an ornate altar of the Wu Jian Council.
  1809 | D:3      | Reached skill level 6 in Ranged Weapons
  2050 | D:3      | Found a broken altar of Ashenzari.
  2236 | D:3      | 2236 ||| UPGRADING to +0 cloak.
  2241 | D:3      | 2241 ||| READING scroll of enchant armour.
  2241 | D:3      | 2241 ||| ENCHANTING +0 cloak.
  2242 | D:3      | 2242 ||| READING scroll labelled WIOBUQ XUNE.
  2243 | D:3      | 2243 ||| READING 2 scrolls labelled JAXIGE ZABA.
  2244 | D:3      | 2244 ||| READING scroll labelled XAFIUM FOIS.
  2245 | D:3      | 2245 ||| READING scroll labelled GOAH ZOUPRE.
  2251 | D:3      | 2251 ||| READING 2 scrolls of identify.
  2251 | D:3      | 2251 ||| IDENTIFYING sedimented grey potion
  2252 | D:3      | 2252 ||| DROPPING scroll of fog.
  2323 | D:4      | 2323 ||| READING scroll of enchant armour.
  2323 | D:4      | 2323 ||| ENCHANTING +1 cloak.
  2372 | D:4      | Found a shadowy altar of Dithmenos.
  2405 | D:4      | Reached XP level 6. HP: 33/38 MP: 6/6
  2547 | D:4      | Found a snail-covered altar of Cheibriados.
  2614 | D:4      | Noticed Menkaure
  2619 | D:4      | Noticed Pikel
  2631 | D:4      | Killed Menkaure
  2632 | D:4      | Reached skill level 7 in Ranged Weapons
  2632 | D:4      | Reached XP level 7. HP: 22/43 MP: 7/7
  2647 | D:4      | Killed Pikel
  2648 | D:4      | Reached skill level 8 in Ranged Weapons
  2998 | D:4      | Reached XP level 8. HP: 46/49 MP: 8/8
  3197 | D:4      | Noticed Grinder
  3216 | D:4      | Paralysed by Grinder for 3 turns
  3234 | D:4      | Paralysed by Grinder for 5 turns
  3244 | D:4      | Killed Grinder
  3245 | D:4      | Reached skill level 3 in Dodging
  3373 | D:5      | Entered Level 5 of the Dungeon
  3498 | D:5      | Reached skill level 9 in Ranged Weapons
  3539 | D:5      | Noticed Ijyb
  3554 | D:5      | Killed Ijyb
  3684 | D:5      | Killed from afar by an acid dragon

Levels and vault maps discovered:
D:1:      minmay_arrival_solitary_statue, layout_basic, reono_crystal_passage
D:2:      layout_basic
D:3:      kennysheep_six_static_rooms, layout_loops_ring,
          grunt_temple_overflow_open, overflow_temple_1_default
D:4:      corexii_shantytown, layout_loops_ring, nicolae_overflow_crystal_walls,
          slow_altar_2, grunt_decor_arrowhead, uniq_grinder, uniq_menkaure,
          uniq_pikel
D:5:      kennysheep_big_flooded_room, layout_basic, solitary_fountain,
          uniq_ijyb

Skill      XL: |  1  2  3  4  5  6  7  8 |
---------------+-------------------------+-----
Ranged Weapons | 5 6 7 8 9 |  9.0
Armour         | 1 2 |  2.8
Fighting       | 3 4 5 |  5.7
Dodging        | 3 |  3.1
Stealth        | |  1.1

Action                     |  1- 3 |  4- 6 |  7- 9 || total
---------------------------+-------+-------+-------++-------
   Fire: Shortbow          |    72 |   186 |   234 ||   492
    Use: Scroll            |     3 |     9 |       ||    12
 Armour: Leather armour    |     2 |       |       ||     2
         Ring mail         |     4 |    49 |    89 ||   142
  Dodge: Dodged            |     7 |    65 |    84 ||   156

Table legend:
 A = Non-vault XP
 B = Vault XP
 C = Vault XP percentage of total XP
 D = Non-vault monster count
 E = Vault monster count
 F = Vault count percentage of total count
                 A         B        C        D         E       F
            +---------+---------+-------+---------+---------+-------
      Total |     961 |     998 |  50.9 |      89 |      47 |  34.6
            +---------+---------+-------+---------+---------+-------
        D:1 |      56 |       0 |   0.0 |      25 |       0 |   0.0
        D:2 |      42 |       0 |   0.0 |      17 |       0 |   0.0
        D:3 |      99 |      32 |  24.4 |      19 |       6 |  24.0
        D:4 |     453 |     930 |  67.2 |      22 |      40 |  64.5
        D:5 |     311 |      36 |  10.4 |       6 |       1 |  14.3
            +---------+---------+-------+---------+---------+-------
